[Event "*** SCC Grand Prix: Titled Tuesday Blitz"]
[Site "Chess.com"]
[Date "2020.08.25"]
[Round "10"]
[White "hellokostya"]
[Black "IvanSoriano1"]
[Result "0-1"]
[WhiteElo "2465"]
[BlackElo "2583"]
[TimeControl "180+1"]
[EndTime "11:58:44 PDT"]
[Termination "IvanSoriano1 won on time"]

1. d4 Nf6 2. c4 e6 3. Nf3 d5 4. Nc3 c6 5. e3 Nbd7 6. b3 Be7 7. Bb2 O-O 8. Bd3 b6 9. O-O Bb7 10. Qc2 h6 11. Rad1 Rc8 12. e4 dxe4 13. Nxe4 Nxe4 14. Bxe4 Qc7 15. Rfe1 Nf6 16. Bd3 c5 17. dxc5 Bxf3 18. gxf3 Qxc5 19. Re5 Qc6 20. Kg2 Rfd8 21. Be2 Bd6 22. Re3 Nh5 23. Qe4 Nf4+ 24. Kf1 Nxe2 25. Qxc6 Rxc6 26. Kxe2 Rcc8 27. Red3 Be7 28. Rxd8+ Rxd8 29. Rxd8+ Bxd8 30. b4 Be7 31. a3 Kf8 32. Kd3 g6 33.
Bd4 Ke8 34. Be3 h5 35. c5 bxc5 36. b5 Kd7 37. Kc4 Bd6 38. h3 f5 39. Bxc5 Bxc5 40.
Kxc5 g5 41. Kd4 Kd6 42. a4 e5+ 43. Ke3 Kc5 44. Kd3 Kb4 0-1

[Event "*** SCC Grand Prix: Titled Tuesday Blitz"]
[Site "Chess.com"]
[Date "2020.08.25"]
[Round "10"]
[White "QuintilianoR"]
[Black "eightbyeightchess"]
[Result "1-0"]
[WhiteElo "2614"]
[BlackElo "2452"]
[TimeControl "180+1"]
[EndTime "11:58:45 PDT"]
[Termination "QuintilianoR won by resignation"]

1. d4 d5 2. c4 c6 3. Nc3 Nf6 4. cxd5 cxd5 5. Bf4 Nc6 6. e3 e6 7. h3 Bd6 8. Bxd6 Qxd6 9. f4 O-O 10. Bd3 a6 11.
Nf3 b5 12. O-O b4 13. Na4 Ne4 14. Rc1 Bd7 15. Nb6 Ra7 16. Nxd7 Qxd7 17. Qc2 Na5 18. Bxe4 dxe4 19. Qxe4 Qa4 20. b3 Qb5 21. Rc5 Qb6 22. Ng5 g6 23. Rfc1 Nb7 24. Rc6 Qd8 25. Nxe6 fxe6 26.
Qxe6+ Kg7 27. Rc7+ Kh6 28. g4 Rf5 29. gxf5 Qh4 30. Rxh7+ Kxh7 31. Qf7+ Kh8 32. Qf8+ Kh7 33. Rc7+ 1-0

[Event "*** SCC Grand Prix: Titled Tuesday Blitz"]
[Site "Chess.com"]
[Date "2020.08.25"]
[Round "10"]
[White "aNaartjieZA"]
[Black "arminmusovic"]
[Result "0-1"]
[WhiteElo "2464"]
[BlackElo "2583"]
[TimeControl "180+1"]
[EndTime "11:58:46 PDT"]
[Termination "arminmusovic won by resignation"]

1. e4 c6 2. d3 d5 3. Nd2 e6 4. Ngf3 c5 5. g3 Nc6 6. Bg2 Nf6 7. O-O Be7 8. Re1 O-O 9. e5 Nd7 10. Nf1 b5 11. h4 Bb7 12. N1h2 Re8 13. Bf4 Nf8 14.
h5 a5 15. Ng4 b4 16. Qd2 Nd4 17. Nxd4 cxd4 18. h6 g5 19. Bxg5 Bxg5 20. f4 Be7 21. Qe2 Rc8 22. Rf1 f5 23. Nf2 Ng6 24. Nh3 Rc7 25. g4 Rf8 26. Rf2 Bh4 27. Rff1 Rcf7 28. g5 Qb6 29. Kh1 Rc8 30. Rac1 Rfc7 31. Ng1 a4 32. Qh5 b3 33. axb3 axb3 34. Nf3 Bg3 35. Nd2 Rxc2 0-1

[Event "*** SCC Grand Prix: Titled Tuesday Blitz"]
[Site "Chess.com"]
[Date "2020.08.25"]
[Round "10"]
[White "MrrRefrao"]
[Black "Colombiano07"]
[Result "1-0"]
[WhiteElo "2212"]
[BlackElo "2285"]
[TimeControl "180+1"]
[EndTime "11:58:47 PDT"]
[Termination "MrrRefrao won by resignation"]

1. c4 c5 2. g3 Nc6 3. Bg2 Nf6 4. Nc3 g6 5. e4 Bg7 6. Nge2 O-O 7. O-O Rb8 8. d3 a6 9. a4 d6 10. h3 Ne8 11.
Be3 Nc7 12. d4 cxd4 13. Nxd4 Ne6 14. Nde2 Bd7 15. Rc1 Na5 16. Nd5 Nc6 17. b4 b5 18.
cxb5 axb5 19. a5 Ne5 20. Bb6 Qe8 21. f4 Nc4 22. f5 Ng5 23. h4 Nxb6 24. Nxb6 1-0

[Event "*** SCC Grand Prix: Titled Tuesday Blitz"]
[Site "Chess.com"]
[Date "2020.08.25"]
[Round "10"]
[White "Chessdreamer2020"]
[Black "romulocardoso"]
[Result "1-0"]
[WhiteElo "2460"]
[BlackElo "2046"]
[TimeControl "180+1"]
[EndTime "11:58:48 PDT"]
[Termination "Chessdreamer2020 won by checkmate"]

1. e4 c5 2. Nf3 d6 3. d4 cxd4 4. Qxd4 Nc6 5. Qe3 g6 6. h3 Bh6 7. Qc3 Bxc1 8. Qxh8 Qa5+ 9. Nbd2 Bxd2+ 10. Nxd2 Kf8 11. Qxh7 Be6 12. Bd3 Nb4 13. Qh4 Rc8 14. Qf4 Nxc2+ 15. Bxc2 Rxc2 16. Rd1 Rxb2 17. O-O Rxa2 18.
Nf3 Kg7 19. Ng5 Bb3 20. Rb1 e5 21. Qh4 Bc4 22. Rxb7 Nf6 23. Rc1 Ra1 24. Rxa1 Qxa1+ 25. Kh2 a5 26. Rb8 Nh5 27. g4 Qd4 28. gxh5 gxh5 29.
Nf3 Qa7 30. Qg5+ Kh7 31. Qxh5+ Kg7 32. Qh8+ Kg6 33. Rg8# 1-0

[Event "*** SCC Grand Prix: Titled Tuesday Blitz"]
[Site "Chess.com"]
[Date "2020.08.25"]
[Round "10"]
[White "Pikachess999"]
[Black "Mr_Sinigami"]
[Result "0-1"]
[WhiteElo "2391"]
[BlackElo "2532"]
[TimeControl "180+1"]
[EndTime "11:58:54 PDT"]
[Termination "Mr_Sinigami won on time"]

1. e4 c5 2. a3 e6 3. b4 d5 4.
exd5 exd5 5. Bb2 Nf6 6. bxc5 Bxc5 7. d4 Bd6 8. Bb5+ Nc6 9. Qe2+ Be6 10. Nf3 O-O 11.
O-O Bg4 12. Nbd2 Re8 13. Qd3 Ne4 14. h3 Bf5 15. Qb3 Rc8 16. Nxe4 Bxe4 17. c4 dxc4 18. Bxc4 Na5 19. Bxf7+ Kf8 20. Qe3 Kxf7 21. Ng5+ Kg8 22.
Nxe4 Nc4 23. Qf3 Nxb2 24. Rac1 Nc4 25. Rxc4 Rxc4 26. Qb3 b5 27. Nd2 Qc8 28. Rc1 Bf4 29.
Nxc4 Bxc1 0-1

[Event "*** SCC Grand Prix: Titled Tuesday Blitz"]
[Site "Chess.com"]
[Date "2020.08.25"]
[Round "10"]
[White "checkitas"]
[Black "Barmen_EV"]
[Result "1-0"]
[WhiteElo "2400"]
[BlackElo "2443"]
[TimeControl "180+1"]
[EndTime "11:58:54 PDT"]
[Termination "checkitas won on time"]

1. d4 d5 2. c4 e6 3. Nf3 Nf6 4. g3 dxc4 5. Bg2 Nc6 6. Qa4 Bb4+ 7. Bd2 Nd5 8. Qb5 Bxd2+ 9. Nbxd2 c3 10. bxc3 Nxc3 11.
Qb3 Nd5 12. O-O O-O 13. Rac1 Nde7 14. e3 Rb8 15. Rfd1 b6 16. Ng5 Bb7 17. Qb1 g6 18. h4 a5 19. h5 Nb4 20. hxg6 hxg6 21. a3 Bxg2 22. Kxg2 Qd5+ 23. Ngf3 Nbc6 24. Rh1 Kg7 25.
e4 Qd7 26. Qb2 f6 27. Nc4 Rh8 28. Ne3 Nd8 29. d5 Nf7 30. Ng4 e5 31. Ngxe5 fxe5 32. Nxe5 Qe8 33. Nd7+ Kg8 34. Nf6+ 1-0

[Event "*** SCC Grand Prix: Titled Tuesday Blitz"]
[Site "Chess.com"]
[Date "2020.08.25"]
[Round "10"]
[White "Evgeny81"]
[Black "ARTHURMOTIVATOR"]
[Result "1-0"]
[WhiteElo "2652"]
[BlackElo "2284"]
[TimeControl "180+1"]
[EndTime "11:58:54 PDT"]
[Termination "Evgeny81 won on time"]

1. e4 c6 2. d4 d5 3. e5 c5 4. dxc5 e6 5. Nf3 Bxc5 6. a3 Nc6 7. Bd3 Nge7 8. b4 Bb6 9. O-O Ng6 10. Bb2 O-O 11.
Nbd2 Nf4 12. Nb3 Nxd3 13. Qxd3 a5 14. b5 Ne7 15. a4 Ng6 16. Bd4 Bxd4 17. Nbxd4 f6 18.
Rfe1 fxe5 19. Nxe5 Nxe5 20. Rxe5 Qf6 21. Qe3 Bd7 22. Re1 Rae8 23. g3 Re7 24. f4 Qg6 25. c3 h6 26. f5 Qf6 27. fxe6 Be8 28. Rf5 Qxf5 29. Nxf5 Rxf5 30. Qc5 Kf8 31. Rf1 Rxf1+ 32.
Kxf1 Bg6 33. Qxd5 1-0

[Event "*** SCC Grand Prix: Titled Tuesday Blitz"]
[Site "Chess.com"]
[Date "2020.08.25"]
[Round "10"]
[White "Grootneus"]
[Black "milenapn"]
[Result "0-1"]
[WhiteElo "2161"]
[BlackElo "1989"]
[TimeControl "180+1"]
[EndTime "11:58:58 PDT"]
[Termination "milenapn won by resignation"]

1. e4 e5 2. Nf3 Nc6 3. Bb5 a6 4. Ba4 Nf6 5. d3 d6 6. c3 g6 7.
O-O Bg7 8. Nbd2 O-O 9. Re1 Nd7 10.
Nf1 Nc5 11. Bc2 Ne6 12. h3 f5 13. Ng3 f4 14. Ne2 Qf6 15. b4 g5 16. Bb2 h5 17.
d4 g4 18. hxg4 hxg4 19. Nh2 Qg5 20. d5 f3 21. Ng3 Nf4 22. Bc1 Ne7 23. c4 Neg6 24. Nf5 Kf7 25. c5 Rh8 26. Bxf4 Nxf4 27. cxd6 Qh5 28. g3 0-1

[Event "*** SCC Grand Prix: Titled Tuesday Blitz"]
[Site "Chess.com"]
[Date "2020.08.25"]
[Round "10"]
[White "PaulfromSPb"]
[Black "chenxiaoyuer"]
[Result "1-0"]
[WhiteElo "2681"]
[BlackElo "2462"]
[TimeControl "180+1"]
[EndTime "11:59:00 PDT"]
[Termination "PaulfromSPb won by checkmate"]

1. e4 c5 2. Ne2 d6 3. g3 g6 4. Bg2 Bg7 5. c3 Nc6 6. d4 cxd4 7. cxd4 Qb6 8. Nbc3 e6 9. Be3 Qa6 10. a4 Nge7 11.
O-O O-O 12. Nb5 Qb6 13. d5 Qa5 14. dxc6 bxc6 15. Nxd6 Rd8 16. Nc4 Rxd1 17. Nxa5 Rxa1 18. Rxa1 Ba6 19. Nd4 c5 20. Ndc6 Nxc6 21. Nxc6 Bxb2 22.
Rb1 Ba3 23. Rb3 Bb4 24. Nxb4 cxb4 25. Rxb4 Rd8 26. Rb1 h5 27. Bxa7 Ra8 28. Bb6 Rb8 29.
a5 Bd3 30. Rd1 Bxe4 31. Bxe4 Rxb6 32. axb6 f5 33. Kg2 f4 34. Kh1 fxg3 35. Kg2 gxf2 36. Kf1 Kg7 37. Bh1 Kh6 38. Ra1 Kg5 39. b7 Kh4 40. b8=B g5 41. Ra5 Kh3 42. Bf3 h4 43. Ra4 e5 44. Bxe5 g4 45. Bg2# 1-0

[Event "*** SCC Grand Prix: Titled Tuesday Blitz"]
[Site "Chess.com"]
[Date "2020.08.25"]
[Round "10"]
[White "tteshan"]
[Black "ErikBlomqvist"]
[Result "1-0"]
[WhiteElo "2379"]
[BlackElo "2492"]
[TimeControl "180+1"]
[EndTime "11:59:01 PDT"]
[Termination "tteshan won by resignation"]

1. d4 Nf6 2. c4 e6 3. Nc3 Bb4 4.
e3 O-O 5. Bd3 d5 6. cxd5 exd5 7.
Ne2 a6 8. O-O Bd6 9. Qc2 Re8 10.
f3 c5 11. Bd2 Nc6 12. a3 c4 13. Bf5 Bxf5 14. Qxf5 Bc7 15. Rad1 Qd6 16. Ng3 Re6 17. Bc1 Rae8 18. e4 dxe4 19. fxe4 Nxd4 20. Qf2 Bb6 21.
Be3 Ng4 22. Qxf7+ Kh8 23. Bxd4 Bxd4+ 24. Kh1 g6 25. Nce2 Rf6 26. Qxe8+ 1-0

[Event "*** SCC Grand Prix: Titled Tuesday Blitz"]
[Site "Chess.com"]
[Date "2020.08.25"]
[Round "10"]
[White "stepanosinovsky"]
[Black "ural58"]
[Result "0-1"]
[WhiteElo "2360"]
[BlackElo "2492"]
[TimeControl "180+1"]
[EndTime "11:59:01 PDT"]
[Termination "ural58 won by resignation"]

1. e4 d5 2. exd5 Qxd5 3. Nc3 Qa5 4. g3 Nf6 5. Bg2 Nc6 6. Nge2 e5 7.
O-O Bg4 8. h3 Be6 9. d3 O-O-O 10. Bg5 h6 11. Bxf6 gxf6 12. Bxc6 bxc6 13. Kh2 f5 14. f4 h5 15. h4 Bd6 16. Qd2 f6 17.
Rae1 Rhg8 18. Qe3 Bc5 19. Qf3 e4 20. dxe4 fxe4 21. Nxe4 Bg4 22. Qc3 Bb4 23. Qxc6 Bxe1 24. Nxf6 Qb6 25. Qa8+ Qb8 26. Qxb8+ Kxb8 27. Rxe1 Rge8 28.
Nxg4 hxg4 29. Kg1 Rd2 30. Kf2 Rxc2 31. h5 Rxb2 32. h6 Rxa2 33. h7 a5 34. Rh1 Raxe2+ 0-1

[Event "*** SCC Grand Prix: Titled Tuesday Blitz"]
[Site "Chess.com"]
[Date "2020.08.25"]
[Round "10"]
[White "Vsevolod_Ovchinnikov"]
[Black "anon102030"]
[Result "0-1"]
[WhiteElo "2464"]
[BlackElo "2742"]
[TimeControl "180+1"]
[EndTime "11:59:07 PDT"]
[Termination "anon102030 won on time"]

1. d4 Nf6 2. c4 e5 3. dxe5 Ng4 4. Bf4 g5 5. Bg3 Bg7 6. Nf3 Nc6 7. Nc3 Ngxe5 8.
Nxe5 Nxe5 9. e3 d6 10. Be2 Be6 11. Rc1 Qd7 12. Nb5 f5 13. h4 f4 14. exf4 gxf4 15. Bxf4 O-O 16. Bg3 Nxc4 17. Rxc4 Qxb5 18. Re4 Qa5+ 19. b4 Bc3+ 20. Kf1 Qxa2 21. Qc1 Bd2 22. Bc4 Bxc1 23. Bxe6+ Qxe6 24. Rxe6 Rae8 25. Rxe8 Rxe8 26. h5 Bd2 27. f3 Bxb4 28. Rh4 a5 29. h6 Re6 30.
Bf2 Bd2 31. f4 b5 0-1

[Event "*** SCC Grand Prix: Titled Tuesday Blitz"]
[Site "Chess.com"]
[Date "2020.08.25"]
[Round "10"]
[White "MestreSoares"]
[Black "Keures"]
[Result "0-1"]
[WhiteElo "2148"]
[BlackElo "2301"]
[TimeControl "180+1"]
[EndTime "11:59:10 PDT"]
[Termination "Keures won by resignation"]

1. Nf3 Nf6 2. b3 e6 3. Bb2 b6 4. e3 Bb7 5. Be2 Be7 6. O-O O-O 7. d4 d6 8. c4 Nbd7 9. Nc3 Ne4 10. Nxe4 Bxe4 11.
Qd2 f5 12. Rfd1 Qe8 13. Rac1 Qg6 14. Ne1 Nf6 15. Bf3 Bxf3 16. Nxf3 Ne4 17. Qe2 Qg4 18. h3 Qh5 19. Re1 Rf6 20. Nd2 Qg6 21. Nxe4 fxe4 22.
Rf1 Raf8 23. d5 e5 24. Rc2 Rf5 25. Kh2 Bh4 26. Qg4 Qxg4 27. hxg4 Rxf2 28. Rcxf2 Rxf2 29. Rxf2 Bxf2 30. Bc1 Kf7 31. Bd2 Bh4 32. Kg1 Bg3 33. Kf1 Kg6 34. Ke2 Kg5 35. b4 Kxg4 36. a4 Bh4 37. a5 Bd8 38. a6 Kg3 39. Kf1 Kh2 40. Be1 h5 41. b5 g5 42. Bf2 h4 43. Bg1+ Kh1 44. Kf2 g4 45. Kf1 h3 46. gxh3 g3 47. Bf2 gxf2 48. Kxf2 Kh2 49. h4 Bxh4+ 0-1

[Event "*** SCC Grand Prix: Titled Tuesday Blitz"]
[Site "Chess.com"]
[Date "2020.08.25"]
[Round "10"]
[White "beto-betun"]
[Black "Rhinos1"]
[Result "1-0"]
[WhiteElo "2123"]
[BlackElo "2210"]
[TimeControl "180+1"]
[EndTime "11:59:10 PDT"]
[Termination "beto-betun won by checkmate"]

1. d4 e6 2. Nf3 c5 3. e3 Nf6 4. Bd3 cxd4 5. exd4 Nc6 6. O-O Be7 7. c3 O-O 8. Bf4 d6 9. h3 a6 10. Nbd2 b5 11. Qe2 Bb7 12. Rad1 Nd5 13. Bg3 Re8 14. Rfe1 Bf8 15. Bb1 Nce7 16. Bxh7+ Kxh7 17. Ng5+ Kg8 18. Qh5 Nf6 19. Qxf7+ Kh8 20. Rxe6 Bd5 21. Rxf6 Bxf7 22. Nxf7+ Kg8 23. Nxd8 gxf6 24. Ne6 Nf5 25. Nc7 Nxg3 26. fxg3 Rac8 27. Nxe8 Rxe8 28. Kf2 Bh6 29. Nf3 Be3+ 30.
Kf1 Bh6 31. Re1 Rc8 32. Nh4 b4 33. Nf5 Bd2 34. Ne7+ Kf7 35. Nxc8 bxc3 36. Nxd6+ Kg6 37. bxc3 Bxc3 38. d5 Be5 39. Nc4 Bxg3 40. d6 Bh4 41. d7 f5 42. Re8 Kf7 43. d8=Q Bxd8 44. Rxd8 Ke6 45. Rd6+ Ke7 46. Rxa6 f4 47. a4 f3 48. gxf3 Kd7 49. Rb6 Kc7 50. a5 Kd7 51. a6 Ke7 52. a7 Kd7 53. a8=Q Kc7 54. Qa7+ Kc8 55. Rb8# 1-0

[Event "*** SCC Grand Prix: Titled Tuesday Blitz"]
[Site "Chess.com"]
[Date "2020.08.25"]
[Round "10"]
[White "tk22h"]
[Black "maxip32"]
[Result "1-0"]
[WhiteElo "2303"]
[BlackElo "2395"]
[TimeControl "180+1"]
[EndTime "11:59:12 PDT"]
[Termination "tk22h won by checkmate"]

1. c4 g6 2. Nc3 Bg7 3. Nf3 d6 4.
d4 Nf6 5. g3 O-O 6. Bg2 Nbd7 7.
O-O e5 8. h3 Re8 9. dxe5 dxe5 10. Be3 h6 11. Qa4 Qe7 12. Rfd1 c6 13. Rd2 e4 14.
Nd4 Nc5 15. Qa3 Nfd7 16. Rad1 Bf8 17. Nc2 Ne5 18. Bxc5 Qxc5 19. Qxc5 Bxc5 20. Nxe4 Be7 21. b3 f5 22. Nd6 Bxd6 23. Rxd6 Kg7 24. e3 Be6 25.
Nd4 Bc8 26. Nf3 Nf7 27. R6d2 Be6 28. Nd4 Bc8 29. h4 h5 30. Ne2 a5 31. Nf4 a4 32.
b4 a3 33. b5 cxb5 34. cxb5 Ra5 35. Rd5 b6 36. Rc1 Ra7 37. Rc6 Ne5 38. Rxe5 Rxe5 39.
Rxc8 Rxb5 40. Rc6 Rb1+ 41. Kh2 b5 42. Rxg6+ Kf8 43. Bd5 Ra4 44. Rb6 b4 45. Rb7 Ra5 46.
Ng6+ Ke8 47. Be6 Ra6 48. Rb8# 1-0

[Event "*** SCC Grand Prix: Titled Tuesday Blitz"]
[Site "Chess.com"]
[Date "2020.08.25"]
[Round "10"]
[White "Bodnar_Mykola"]
[Black "BakaPG"]
[Result "0-1"]
[WhiteElo "2517"]
[BlackElo "2691"]
[TimeControl "180+1"]
[EndTime "11:59:13 PDT"]
[Termination "BakaPG won by checkmate"]

1. e4 e6 2. d4 d5 3. Nc3 Nf6 4. e5 Nfd7 5. h4 c5 6. Bg5 Qb6 7. Nf3 Nc6 8. dxc5 Bxc5 9. Qd2 Ndxe5 10. Nxe5 Nxe5 11. Na4 Qc6 12. Nxc5 Qxc5 13. Be3 Qe7 14. Qc3 f6 15. Be2 Nc6 16. Bc5 Qc7 17. O-O-O Bd7 18. Rhe1 O-O-O 19. Qa3 Qa5 20. Qxa5 Nxa5 21. Bxa7 Nc6 22. Bb6 Rde8 23. c4 dxc4 24. Bxc4 Ne5 25. Bb3 Bc6 26. f4 Nd7 27. Bxe6 Rxe6 28. Rxe6 Nxb6 29. Re7 g6 30. g3 f5 31. Rg7 Nd5 32. Re1 Kb8 33. a3 Nf6 34. Ree7 Rc8 35. Kb1 Be4+ 36. Ka2 Bd5+ 37. Kb1 Ne4 38. Rxh7 Nd2+ 39. Ka1 Rc1# 0-1

[Event "*** SCC Grand Prix: Titled Tuesday Blitz"]
[Site "Chess.com"]
[Date "2020.08.25"]
[Round "10"]
[White "Alexsur1981"]
[Black "shnitez"]
[Result "1-0"]
[WhiteElo "2687"]
[BlackElo "2483"]
[TimeControl "180+1"]
[EndTime "11:59:13 PDT"]
[Termination "Alexsur1981 won by resignation"]

1. e4 c5 2. Nc3 Nc6 3. Bb5 Nd4 4. Nf3 a6 5. Bd3 d6 6. Nxd4 cxd4 7. Ne2 e5 8. c3 dxc3 9. dxc3 Nf6 10. c4 Be7 11. Nc3 O-O 12. O-O Be6 13. b3 Rc8 14. Bd2 Nd7 15.
Qe2 Bg5 16. Bxg5 Qxg5 17. Rac1 Rfe8 18. Rfd1 Nf8 19. Qd2 Qf6 20. Be2 Red8 21. Qe3 Ng6 22. g3 Qe7 23. Rd3 Qc7 24. Rcd1 Rd7 25. h4 Ne7 26. Na4 Rb8 27. Nb6 Rdd8 28. Nd5 Nxd5 29. cxd5 Bd7 30. Rc3 Qa5 31. Qd2 h6 32. Kg2 Qb6 33.
Rdc1 Rbc8 34. f4 Rxc3 35. Rxc3 exf4 36. gxf4 Rc8 37. Rxc8+ Bxc8 38. Bf3 Bd7 39. Qc3 f6 40. b4 Kf7 41. a3 Ke7 42. e5 Bf5 43. e6 Bg6 44.
Qc8 Be8 45. Bh5 Bxh5 46. Qd7+ Kf8 47. e7+ Kg8 48. Qd8+ Kh7 49. Qxb6 1-0

[Event "*** SCC Grand Prix: Titled Tuesday Blitz"]
[Site "Chess.com"]
[Date "2020.08.25"]
[Round "10"]
[White "attack2mateU"]
[Black "vovachesss"]
[Result "1-0"]
[WhiteElo "2711"]
[BlackElo "2583"]
[TimeControl "180+1"]
[EndTime "11:59:14 PDT"]
[Termination "attack2mateU won by resignation"]

1. e4 d5 2. exd5 Qxd5 3. Nc3 Qd8 4. d4 Nf6 5. Nf3 Bg4 6. h3 Bh5 7. g4 Bg6 8. Bc4 Nbd7 9. Be3 e6 10. Qe2 Bd6 11.
O-O-O c6 12. Ne5 Qa5 13. f4 Ne4 14. Nxe4 Bxe4 15. Bd2 Qa4 16. Bb3 Qxd4 17. Bc3 Bd3 18. Rxd3 Qxf4+ 19. Kb1 Bxe5 20. Rf1 Qh2 21. Rf2 Qg1+ 22.
Rd1 Qg3 23. Rxd7 Bxc3 24. bxc3 Kxd7 25. Rxf7+ Kd6 26. Qxe6+ Kc5 27. Qe7+ Qd6 28. Rf5+ 1-0

[Event "*** SCC Grand Prix: Titled Tuesday Blitz"]
[Site "Chess.com"]
[Date "2020.08.25"]
[Round "10"]
[White "Karina_Ivanova"]
[Black "rugbyclub"]
[Result "1-0"]
[WhiteElo "2252"]
[BlackElo "2168"]
[TimeControl "180+1"]
[EndTime "11:59:15 PDT"]
[Termination "Karina_Ivanova won by resignation"]

1. d4 d5 2. Nf3 Nf6 3. g3 b5 4.
Bg2 Bb7 5. a4 b4 6. O-O e6 7.
Ne5 c5 8. c4 cxd4 9. Qxd4 Nc6 10.
Nxc6 Bxc6 11. Bg5 Be7 12. cxd5 Bxd5 13. Bxd5 Qxd5 14. Bxf6 Bxf6 15. Qxb4 Qe5 16. Nc3 Rb8 17. Qe4 Qxe4 18. Nxe4 Rxb2 19. Nxf6+ gxf6 20. Rab1 Rxb1 21. Rxb1 O-O 22. Rb7 Ra8 23. a5 f5 24. a6 Kg7 25.
f4 Kf6 26. Kf2 h5 27. Kf3 Kg6 28. e4 fxe4+ 29. Kxe4 Kf6 30. Rd7 Kg6 31. Ke5 Kg7 32.
Kd6 Kf6 33. Kc6 Rb8 34. Rb7 Rc8+ 35. Rc7 Rb8 36. Rxa7 Rb2 37. Rb7 Rc2+ 38. Kd7 Rxh2 39. a7 Ra2 40. Kc8 Kf5 41. Rxf7+ Kg4 42. Rg7+ Kf3 43.
Kb8 Rb2+ 44. Rb7 Ra2 45. Rb3+ Kg4 46. a8=Q 1-0

[Event "*** SCC Grand Prix: Titled Tuesday Blitz"]
[Site "Chess.com"]
[Date "2020.08.25"]
[Round "10"]
[White "Supernotar"]
[Black "GigaQuparadze"]
[Result "1-0"]
[WhiteElo "2736"]
[BlackElo "2804"]
[TimeControl "180+1"]
[EndTime "11:59:17 PDT"]
[Termination "Supernotar won by resignation"]

1. d4 Nf6 2. c4 e6 3. Nf3 b6 4. g3 Ba6 5. Nbd2 Bb4 6. Qc2 Bb7 7. Bg2 Be4 8. Qd1 O-O 9. O-O Bxd2 10. Qxd2 a5 11. b3 d6 12. Bb2 Nbd7 13. a3 Qb8 14. Rac1 b5 15. c5 b4 16. axb4 axb4 17. Rc4 Nd5 18. Ne1 Bxg2 19. Kxg2 N7f6 20. f3 Ra2 21. Nd3 dxc5 22. Rxc5 Rd8 23. Rfc1 Nc3 24. Rc4 c5 25. Nxc5 e5 26. e3 exd4 27. Rxd4 Rxd4 28. exd4 Nfd5 29.
Nd3 h5 30. Re1 h4 31. Qg5 hxg3 32. hxg3 Ra6 33. Bc1 Rg6 34. Qh4 Qb5 35. Qd8+ Kh7 36. Rh1+ Rh6 37. Bxh6 gxh6 38. Qg5 Qa6 39. Qf5+ Kg8 40.
Re1 Qa2+ 41. Kh3 Qd2 42. Ne5 Qg5 43. Qxf7+ Kh8 44. Ng6+ Qxg6 45. Qxg6 Nf4+ 46. gxf4 1-0

[Event "*** SCC Grand Prix: Titled Tuesday Blitz"]
[Site "Chess.com"]
[Date "2020.08.25"]
[Round "10"]
[White "Witik"]
[Black "bazar-wokzal"]
[Result "0-1"]
[WhiteElo "2634"]
[BlackElo "2498"]
[TimeControl "180+1"]
[EndTime "11:59:18 PDT"]
[Termination "bazar-wokzal won by resignation"]

1. g4 e5 2. Bg2 h5 3. gxh5 Qh4 4. Nf3 Qxh5 5. Nc3 Nf6 6. d4 e4 7. Ng5 d5 8. h4 c6 9. Bf4 Bb4 10. Qd2 Nbd7 11. O-O-O Nb6 12. b3 a5 13. Kb2 a4 14. a3 axb3 15. cxb3 Bxa3+ 16. Kc2 Bb4 17. Ra1 O-O 18. Rxa8 Nxa8 19. Qe3 Bf5 20. Kb2 Nb6 21.
Rg1 Ng4 22. Qg3 f6 23. Ngxe4 dxe4 24. Bh3 Bxc3+ 25. Kxc3 Nd5+ 26. Kb2 Nxf4 27. Qxf4 Nh6 28. Bxf5 Nxf5 29. Qxe4 Re8 30. Qf4 Qxe2+ 31. Kc3 Ne7 32. Qd2 Nd5+ 33. Kc2 Qxd2+ 34. Kxd2 Re4 0-1

[Event "*** SCC Grand Prix: Titled Tuesday Blitz"]
[Site "Chess.com"]
[Date "2020.08.25"]
[Round "10"]
[White "RobertoJBM"]
[Black "biostatistician"]
[Result "0-1"]
[WhiteElo "2634"]
[BlackElo "2510"]
[TimeControl "180+1"]
[EndTime "11:59:21 PDT"]
[Termination "biostatistician won on time"]

1. e4 e6 2. d4 d5 3. Nd2 Nc6 4. Ngf3 Nf6 5. e5 Ne4 6. Bd3 Nxd2 7. Bxd2 Nb4 8. Bxb4 Bxb4+ 9. c3 Be7 10. Qc2 c5 11.
O-O Bd7 12. Qe2 Qb6 13. a3 a5 14. a4 O-O 15. Bb5 Bxb5 16. Qxb5 Qxb5 17. axb5 b6 18.
Ra4 Rac8 19. Rfa1 Rc7 20. Kf1 Rfc8 21. Ke2 f6 22. exf6 gxf6 23. Kd3 Kf7 24. Re1 Bd6 25. g3 Re8 26. c4 cxd4 27. Nxd4 Bb4 28. Rc1 Rd8 29.
Nc6 dxc4+ 30. Ke2 Rd2+ 31. Kf1 Rxb2 32. Rxc4 h5 33. Nd8+ Ke8 34. Rxc7 Kxd8 35. Rc6 Bc5 36. Rf4 Ke7 37. Rc7+ Kd6 38. Rc6+ Ke5 39. Rc8 a4 40.
Ra8 a3 41. Raa4 Rxb5 42. Rae4+ Kd5 43. Re2 f5 44. Ra4 Rb1+ 45. Kg2 Rb2 46. Kf3 e5 47.
Re3 e4+ 0-1

[Event "*** SCC Grand Prix: Titled Tuesday Blitz"]
[Site "Chess.com"]
[Date "2020.08.25"]
[Round "10"]
[White "ruslansezdbekov"]
[Black "Justinz"]
[Result "0-1"]
[WhiteElo "2514"]
[BlackElo "2411"]
[TimeControl "180+1"]
[EndTime "11:59:21 PDT"]
[Termination "Justinz won by resignation"]

1. d4 Nf6 2. c4 e6 3. Nc3 Bb4 4. Qc2 O-O 5. Bg5 h6 6. Bh4 c5 7. Nf3 d6 8. O-O-O Nbd7 9. e3 Qa5 10. Bd3 Bxc3 11. bxc3 a6 12. Nd2 b5 13. Nb3 Qa3+ 14. Qb2 Qa4 15. Bc2 Qxc4 16. e4 cxd4 17. Rxd4 Qc7 18.
Rhd1 Bb7 19. f3 Ne5 20. Bg3 Nc4 21. Qa1 e5 22. R4d3 Rac8 23. a4 d5 24. exd5 Nxd5 25. Rxd5 Bxd5 26. Rxd5 Ne3 27. Rd3 Nxc2 28. Kxc2 Rfd8 29.
Rxd8+ Rxd8 30. axb5 axb5 31. Qa6 Qc4 32. Qb6 Qe2+ 33.
Kb1 Rd1+ 34. Nc1 Qd3+ 35. Kb2 Qd2+ 36. Kb3 Rxc1 37. Kb4 Qxc3+ 38. Kxb5 Rb1+ 39. Ka6 Rxb6+ 40. Kxb6 Qb2+ 41. Kc5 Qxg2 42. Bxe5 Qxf3 43. Bg3 f5 44. Kd4 f4 45. Be1 Qe3+ 0-1

[Event "*** SCC Grand Prix: Titled Tuesday Blitz"]
[Site "Chess.com"]
[Date "2020.08.25"]
[Round "10"]
[White "Logman74"]
[Black "binbin239"]
[Result "0-1"]
[WhiteElo "2377"]
[BlackElo "2562"]
[TimeControl "180+1"]
[EndTime "11:59:22 PDT"]
[Termination "binbin239 won on time"]

1. e4 c5 2. Nf3 Nc6 3. d4 cxd4 4.
Nxd4 g6 5. c4 Nf6 6. Nc3 d6 7.
Be2 Nxd4 8. Qxd4 Bg7 9. O-O O-O 10. Bg5 Be6 11. Qd3 Qa5 12. Bd2 Rfc8 13. b3 a6 14. Rad1 Qd8 15. Nd5 Nxd5 16. exd5 Bf5 17. Qf3 b5 18. Rde1 bxc4 19. Bxc4 a5 20. a4 Qd7 21. Bg5 Bf8 22. Bb5 Qc7 23. Rc1 Qb6 24. Rfe1 Qd4 25. h3 Rxc1 26. Rxc1 h6 27. Be3 Qb2 28. Bc4 Rc8 29. Qd1 Bg7 30. Bd2 Bd4 31. Qe1 Kg7 32. g4 Bd7 33. Bc3 Bxc3 34. Rxc3 e6 35. Rf3 exd5 36.
Bf1 Rc1 37. Qe7 Be6 38. Qf6+ Qxf6 39. Rxf6 Kxf6 0-1

[Event "*** SCC Grand Prix: Titled Tuesday Blitz"]
[Site "Chess.com"]
[Date "2020.08.25"]
[Round "10"]
[White "1977Ivan"]
[Black "AlexSuv"]
[Result "0-1"]
[WhiteElo "2671"]
[BlackElo "2523"]
[TimeControl "180+1"]
[EndTime "11:59:25 PDT"]
[Termination "AlexSuv won on time"]

1. c4 e5 2. Nc3 Nc6 3. Nf3 Bc5 4. Nxe5 Bxf2+ 5. Kxf2 Nxe5 6. d4 Ng4+ 7. Kg1 Qf6 8. Ne4 Qf5 9. h3 Qxe4 10. hxg4 Qxg4 11. Rh3 d6 12. Re3+ Kf8 13. b3 Ne7 14. Bb2 Nf5 15. Rf3 Nh4 16. Rf2 Bd7 17. Qd2 Re8 18. e4 Rxe4 19.
Bd3 Re7 20. Raf1 f6 21. d5 h5 22. Rf4 Qg3 23. Rxf6+ gxf6 24. Bxf6 Rg8 25. Bxh4+ Ke8 26. Bxg3 Rxg3 27. Qh6 Reg7 28. Qxh5+ Kd8 29. Qh4+ Ke8 30. Qh8+ Rg8 31. Qh5+ Kd8 32. Qh4+ Ke8 33. Be4 Bh3 34. Re1 Kd7 35. Bf5+ Bxf5 0-1